 Dungeon Crawl Stone Soup version 0.28-a0-984-g3775c662fe (webtiles) character file.

Game seed: 2733587513466057374

8 meatgazer the Skirmisher (level 2, -1/24 HPs)
             Began as a Demonspawn Abyssal Knight on Dec 3, 2021.
             Was a Follower of Lugonu.
             Slain by a thrashing horror (6 damage)
             ... on level 2 of the Abyss.
             The game lasted 00:00:25 (100 turns).

meatgazer the Skirmisher (Demonspawn Abyssal Knight) Turns: 100, Time: 00:00:26

Health: -1/24      AC:  3    Str: 13    XL:     2   Next: 0%
Magic:  3/3        EV: 11    Int: 11    God:    Lugonu [*.....]
Gold:   107        SH:  0    Dex: 13    Spells: 1/1 levels left

rFire   . . .      SeeInvis .   a - +1 falchion
rCold   . . .      Faith    .   (no shield)
rNeg    . . .      Spirit   .   b - +0 leather armour
rPois   .          Reflect  .   (helmet restricted)
rElec   .          Harm     .   (no cloak)
rCorr   .          Rampage  .   (no gloves)
Will    .....                   (no boots)
Stlth   +.........              (no amulet)
HPRegen 0.08/turn               (no ring)
MPRegen 0.08/turn               (no ring)

@: no status effects
A: horns 1
a: Renounce Religion, Depart the Abyss


You were on level 2 of the Abyss.
You worshipped Lugonu.
Lugonu was aware of your devotion.
You visited 0 branches of the dungeon, and saw 0 of its levels.
You visited the Abyss 1 time.

You collected 107 gold pieces.

Inventory:

Hand Weapons
 a - a +1 falchion (weapon)
Armour
 b - a +0 leather armour (worn)


   Skills:
 + Level 3.3 Fighting
 + Level 1.9 Long Blades
 + Level 1.8 Armour
 + Level 0.8 Dodging
 + Level 2.5 Invocations


You had one spell level left.
You didn't know any spells.
Your spell library was empty.

Dungeon Overview and Level Annotations

Branches:
Dungeon (0/15)

Altars:


Innate Abilities, Weirdness & Mutations

You have a pair of small horns on your head.


Message History

You see here 17 gold pieces.
You now have 17 gold pieces.
You slash the shadow imp!
The shadow imp is severely wounded.
The shadow imp spits at you. The shadow imp gestures at you.
Pain shoots through your body!
Ouch! That really hurt!
* * * LOW HITPOINT WARNING * * *
The shadow imp closely misses you.
You hit the shadow imp.
You kill the shadow imp!
You have reached level 2!
You feel monstrous as your demonic heritage exerts itself.
Your demonic ancestry asserts itself...
A pair of horns grows on your head!
You now have 76 gold pieces (gained 59).
You see here 23 stones.
Found 31 gold pieces.
You now have 107 gold pieces (gained 31).
An iron imp comes into view.
The iron imp shouts!
Found a ring mail.
The ynoxinul bellows!
The ynoxinul gestures.
The thrashing horror roars!
The ufetubus barely misses you.
The ufetubus hits you but does no damage.
Found a brightly glowing granite ring.
The ufetubus closely misses you.
The ufetubus hits you but does no damage.
The thrashing horror completely misses you.
The thrashing horror tramples you.
* * * LOW HITPOINT WARNING * * *
You stumble backwards!
The ynoxinul gestures.
The thrashing horror tramples you.
* * * LOW HITPOINT WARNING * * *
You hold your ground!
The thrashing horror tramples you.
You die...

. .#. . ..#.
###. # ....
#.#.#.#.#.
#.#.#....####
.=...#.#...##
#.#.#≈≈≈≈≈≈#
#.@#≈≈..#≈#
###X.###..#
####..5#§≈≈≈#
......#..≈≈≈# .
.##..5≈.#≈≈.#
##.
..######..≈....#
. .
........##3≈##.#
# .#
..##..≈.5..§#..
.
##.#.≈..#...##..
# #


You could see a thrashing horror, a ynoxinul and 3 ufetubi.

Vanquished Creatures
  A shadow imp (Abyss:2)
1 creature vanquished.

Notes
Turn   | Place    | Note
-------+----------+-------------------------------------------
     0 | Abyss:1  | meatgazer the Demonspawn Abyssal Knight began the quest for
                  | the Orb.
     0 | Abyss:1  | Reached XP level 1. HP: 18/18 MP: 2/2
    58 | Abyss:2  | Discovered your monstrous ancestry.
    58 | Abyss:2  | Gained mutation: You have a pair of small horns on your
                  | head. [demonic ancestry]
    58 | Abyss:2  | Reached XP level 2. HP: 7/24 MP: 3/3
    90 | Abyss:2  | Noticed a ynoxinul
    95 | Abyss:2  | Noticed a thrashing horror
   100 | Abyss:2  | Slain by a thrashing horror

Illustrated notes

Levels and vault maps discovered:
Abyss:2:  base:
Temple

Action                   || total
-------------------------++-------
Melee: Falchion          ||     2
Armor: Leather armour    ||     2
Dodge: Dodged            ||     4

Table legend: (Time is in decaauts)
 A = Elapsed time spent in this place.
 B = Non-inter-level travel time spent in this place.
 C = Inter-level travel time spent in this place.
 D = Time resting spent in this place.
 E = Time spent auto-exploring this place.
 F = Levels seen in this place.
 G = Mean time per level.
                   A        B        C        D        E       F      G
               +--------+--------+--------+--------+--------+-----+--------+
         Total |    100 |    100 |      0 |     24 |     20 |   2 |   50.0 |
         Abyss |    100 |    100 |      0 |     24 |     20 |   2 |   50.0 |
               +--------+--------+--------+--------+--------+-----+--------+

Top non-repeatable levels by time:
 Abyss:2: 81 daAuts
 Abyss:1: 19 daAuts
